 Dungeon Crawl Stone Soup version 0.31-a0-574-g69dc8cc98e (webtiles) character file.

Game seed: 17708832626654026960

52 Xavori the Cutter (level 3, -12/26 HPs)
             Began as an Octopode Chaos Knight on Aug 18, 2023.
             Was a Plaything of Xom.
             Mangled by Crazy Yiuf
             ... wielding a +4 quarterstaff of chaos
              (13 damage)
             ... on level 2 of the Dungeon.
             The game lasted 00:01:23 (11169 turns).

Xavori the Cutter (Octopode Chaos Knight)          Turns: 11169, Time: 00:01:24

Health: -12/26     AC:  1    Str: 11    XL:     3   Next: 85%
Magic:  3/3        EV: 13    Int: 14    God:    Xom [.....*]
Gold:   208        SH:  0    Dex: 11    Spells: 2/2 levels left

rFire   . . .        a - +0 short sword (chaos)
rCold   . . .        (no shield)
rNeg    . . .        (helmet restricted)
rPois   .            g - amulet of regeneration
rElec   .            (no ring)
rCorr   .            (no ring)
SInv    .            (no ring)
Will    .....        (no ring)
Stlth   +++          (no ring)
HPRegen 1.04/turn    (no ring)
MPRegen 0.08/turn    (no ring)
                     (no ring)

%: no passive effects
@: lethally poisoned (-12 -> -15)
A: almost no armour, amphibious, 8 rings, camouflage 1, gelatinous body 1,
(nimble swimmer 1), tentacles, fangs 1, clumsy 1
a: Renounce Religion


You were on level 2 of the Dungeon.
You worshipped Xom.
You were Xom's teddy bear.
You visited 1 branch of the dungeon, and saw 3 of its levels.

You collected 208 gold pieces.

Inventory:

Hand Weapons
 a - a +0 short sword of chaos (weapon)
Jewellery
 g - an amulet of regeneration (around mantle)
Scrolls
 b - a scroll of butterflies
 c - 3 scrolls of teleportation {unknown}
 f - 4 scrolls of identify {unknown}
 h - a scroll of vulnerability {unknown}
 i - a scroll of fear
 l - a scroll of enchant weapon {unknown}
 m - a scroll of fog {unknown}
Potions
 d - a potion of enlightenment {unknown}
 e - a potion of ambrosia {unknown}
 j - a potion of curing {unknown}
 k - a potion of mutation {unknown}
 n - a potion of heal wounds {unknown}


   Skills:
 + Level 3.5 Fighting
 + Level 3.6 Short Blades
 + Level 2.6 Dodging
 + Level 2.2 Stealth


You had 2 spell levels left.
You didn't know any spells.
Your spell library contained the following spells:

 Spells                   Type           Power      Damage    Failure   Level
 Ignite Poison            Fire/Tmut/Pois 0%         N/A       65%         3
 Anguish                  Hex/Necr       0%         N/A       96%         4
 Agony                    Necr           0%         N/A       100%        5
 Borgnjor's Revivificati  Necr           0%         N/A       100%        8


Dungeon Overview and Level Annotations

Branches:
Dungeon (3/15)

Altars:

Annotations:
D:2 Crazy Yiuf


Innate Abilities, Weirdness & Mutations

You cannot wear most types of armour.
You are amphibious.
You can wear up to eight rings at the same time.
Your skin changes colour to match your surroundings (Stealth+).
Your rubbery body absorbs attacks. (AC +1, EV +1)
((You are camouflaged when in or above water. (Stealth+)))
You have tentacles for arms and can constrict up to eight enemies at once.
You have very sharp teeth.
You are clumsy. (Dex -2)


Message History

You see here a +0 dagger.
Key pressed, stopping explore.
No reachable target in view!
Key pressed, stopping explore.
No reachable target in view!
Could not explore, unopened runed door.
No reachable target in view!
Could not explore, unopened runed door.
You open the door. You hit Crazy Yiuf but do no damage. You grab Crazy Yiuf.
You bite Crazy Yiuf, but do no damage. You squeeze Crazy Yiuf.
Crazy Yiuf is lightly wounded.
You constrict Crazy Yiuf, but do no damage.
Crazy Yiuf hits you with a +4 quarterstaff of chaos!
You are poisoned.
You hit Crazy Yiuf. You bite Crazy Yiuf, but do no damage.
You squeeze Crazy Yiuf, but do no damage.
Crazy Yiuf is moderately wounded.
You constrict Crazy Yiuf, but do no damage.
You feel very sick.
Crazy Yiuf hits you with a +4 quarterstaff of chaos!
* * * LOW HITPOINT WARNING * * *
You hit Crazy Yiuf but do no damage. You squeeze Crazy Yiuf.
Crazy Yiuf is heavily wounded.
You constrict Crazy Yiuf.
* * * LOW HITPOINT WARNING * * *
You feel sick.
Unknown command.
Okay, then.
You hit Crazy Yiuf.
Crazy Yiuf suddenly seems more resistant.
You bite Crazy Yiuf, but do no damage. You squeeze Crazy Yiuf.
Crazy Yiuf is severely wounded.
You constrict Crazy Yiuf.
* * * LOW HITPOINT WARNING * * *
You feel very sick.
Crazy Yiuf hits you with a +4 quarterstaff of chaos!
Ouch! That really hurt!
You die...
Xom giggles madly!

#.## ####..######### #).#
#.....# ##.# #.#...# #.#
####### #.# #.# ♣♣♣♣♣########
#.# ### ♣♣♣.♣)..#.....# ##.###
#...#♣..♣.......##.# #....#
#...g@♣♣♣♣......##.# #####..###
#)..#♣♣ ♣♣..#.###.# .........#
### ♣♣#### #.# .......### #.#
.####.## #.# .####.# #####
##########.# ......#
#.#.#######..........#
.#########.#....#....##########
......[....####.#.####


You could see Crazy Yiuf (resistant).

Vanquished Creatures
  2 dart slugs
  3 bats (D:2)
  5 endoplasms
  3 giant cockroaches
  6 goblins
  4 hobgoblins
  3 jackals (D:2)
  4 quokkas
  A ball python (D:1)
  A frilled lizard (D:1)
  4 kobolds
  4 rats
40 creatures vanquished.

Notes
Turn   | Place    | Note
-------+----------+-------------------------------------------
     0 | D:1      | Xavori the Octopode Chaos Knight began the quest for the
                  | Orb.
     0 | D:1      | Reached XP level 1. HP: 16/16 MP: 1/1
   181 | D:1      | Reached XP level 2. HP: 21/21 MP: 2/2
   326 | D:1      | XOM: noise
   904 | D:1      | XOM: divination: magic mapping
  1838 | D:1      | XOM: noise
  1967 | D:1      | XOM: noise
  1995 | D:1      | XOM is BORED!
  1995 | D:1      | XOM: silly message
  3290 | D:1      | XOM: divination: magic mapping
  3665 | D:1      | XOM: cloud trail
  3754 | D:1      | XOM: god gift: scale mail {god gift}
  3990 | D:1      | XOM is BORED!
  4424 | D:1      | XOM: god gift: 40 gold pieces
  5010 | D:1      | XOM: give mutations
  5010 | D:1      | Gained mutation: Your flesh is heat resistant. (rF+) [Xom's
                  | grace]
  5010 | D:1      | Gained mutation: You have very sharp teeth. [Xom's grace]
  5091 | D:1      | XOM: give mutation
  5091 | D:1      | Gained mutation: You are somewhat resistant to further
                  | mutation. [Xom's grace]
  5092 | D:1      | XOM: god gift: Xom's Folio of Disaster {god gift}
  5095 | D:1      | Got Xom's Folio of Disaster {god gift}
  5198 | D:1      | XOM: scenery: summon butterflies
  5226 | D:1      | XOM: god gift: scroll labelled AGOLAU FOHO {god gift}
  5246 | D:1      | XOM: god gift: club {god gift}
  5736 | D:1      | XOM: silly message
  5854 | D:1      | XOM: silly message
  6291 | D:1      | XOM: silly message
  6843 | D:1      | XOM: divination: magic mapping
  6858 | D:1      | XOM is BORED!
  6858 | D:1      | XOM: silly message
  7440 | D:1      | XOM: noise
  7954 | D:1      | XOM: silly message
  8012 | D:1      | XOM is BORED!
  8489 | D:1      | XOM: silly message
  8674 | D:1      | XOM: silly message
  9455 | D:1      | XOM: give mutations
  9455 | D:1      | Lost mutation: Your flesh is heat resistant. (rF+) [Xom's
                  | mischief]
  9455 | D:1      | Lost mutation: You are somewhat resistant to further
                  | mutation. [Xom's mischief]
  9455 | D:1      | Gained mutation: You are clumsy. (Dex -2) [Xom's mischief]
 10130 | D:1      | XOM: scenery: summon butterflies
 10255 | D:2      | Reached XP level 3. HP: 26/26 MP: 3/3
 10275 | D:2      | Reached skill level 1 in Stealth
 10283 | D:2      | XOM: god gift: 42 gold pieces
 10555 | D:2      | Found a runed translucent door.
 10556 | D:2      | Noticed Crazy Yiuf
 11010 | D:2      | Glimpsed the power of Zot.
 11169 | D:2      | HP: 1/26 [poisoned by Crazy Yiuf]
 11169 | D:2      | Mangled by Crazy Yiuf

Illustrated notes

Levels and vault maps discovered:
D:1:      ncdulo_smallfort, layout_basic, minmay_misc_feat_rugged
D:2:      layout_loops_ring, uniq_crazy_yiuf_cottage
D:3:      layout_rooms, uniq_terence, uniq_natasha

Skill      XL: |  1  2  3 |
---------------+----------+-----
Stealth        | 2 |  2.2
Fighting       | |  3.5
Short Blades   | |  3.6
Dodging        | |  2.6

Action                     || total
---------------------------++-------
  Melee: Short sword       ||    75
         Tentacles         ||    21
         Constrict         ||    15
         Bite              ||     5
    Use: Scroll            ||     1
   Stab: Sleeping          ||    13
 Armour: Skin              ||     7
  Dodge: Dodged            ||    43

Table legend: (Time is in decaauts)
 A = Elapsed time spent in this place.
 B = Non-inter-level travel time spent in this place.
 C = Inter-level travel time spent in this place.
 D = Time resting spent in this place.
 E = Time spent auto-exploring this place.
 F = Levels seen in this place.
 G = Mean time per level.
                   A        B        C        D        E       F      G
               +--------+--------+--------+--------+--------+-----+--------+
         Total |  11157 |  11142 |     15 |   9451 |   1420 |   3 | 3719.0 |
       Dungeon |  11157 |  11142 |     15 |   9451 |   1420 |   3 | 3719.0 |
               +--------+--------+--------+--------+--------+-----+--------+

Top non-repeatable levels by time:
     D:1: 10225 daAuts
     D:2: 930 daAuts
     D:3: 1 daAuts
